 Dungeon Crawl Stone Soup version 0.30.1-9-gdf580d7c3d (webtiles) character file.

Game seed: 17655260987478919856

1461 eliilek the Cudgeller (level 8, -1/70 HPs)
             Began as a Minotaur Fighter on Oct 6, 2023.
             Was an Initiate of Cheibriados.
             Slain by a two-headed ogre
             ... wielding a +0 giant spiked club
              (4 damage)
             ... on level 6 of the Dungeon.
             The game lasted 00:13:19 (4767 turns).

eliilek the Cudgeller (Minotaur Fighter)            Turns: 4767, Time: 00:13:19

Health: -1/70      AC: 11    Str: 31    XL:     8   Next: 48%
Magic:  0/7        EV:  8    Int:  6    God:    Cheibriados [......]
Gold:   183        SH: 10    Dex: 14    Spells: 7/7 levels left

rFire   . . .        a - +0 flail
rCold   . . .        z - +0 kite shield
rNeg    + . .        o - +0 chain mail
rPois   .            (helmet restricted)
rElec   .            (no cloak)
rCorr   .            (no gloves)
SInv    .            u - +1 pair of boots of the Blessed Realm {Dex+4}
Will    .....        r - amulet of guardian spirit Stlth
                     h - +6 ring of strength
HPRegen 0.31/turn    g - ring of positive energy
MPRegen 0.10/turn

%: guardian spirit
@: very slow
A: horns 2, retaliatory headbutt
a: Renounce Religion


You were on level 6 of the Dungeon.
You worshipped Cheibriados.
Cheibriados was noncommittal.
You visited 2 branches of the dungeon, and saw 7 of its levels.

You collected 314 gold pieces.
You spent 131 gold pieces at shops.

Inventory:

Hand Weapons
 a - a +0 flail (weapon)
 b - a +0 sling
Missiles
 k - 4 atropa-tipped darts
Armour
 o - a +0 chain mail (worn)
 u - the +1 pair of boots of the Blessed Realm (worn) {Dex+4}
   (You found it on level 4 of the Dungeon)

   Dex:       It affects your dexterity (+4).
 z - a +0 kite shield (worn)
Jewellery
 g - a ring of positive energy (right hand)
 h - a +6 ring of strength (left hand)
 r - an amulet of guardian spirit (around neck)
Wands
 c - a wand of mindburst (12)
 t - a wand of flame (16)
Scrolls
 e - a scroll of fog
 i - a scroll of magic mapping {unknown}
 n - a scroll of butterflies {unknown}
 q - 2 scrolls of teleportation
 s - a scroll of torment {unknown}
 v - a scroll of vulnerability {unknown}
 y - a scroll of identify
Potions
 f - a potion of attraction {unknown}
 j - 3 potions of flight
 l - a potion of magic {unknown}
 m - a potion of degeneration {unknown}
 p - 3 potions of curing {unknown}
 w - a potion of berserk rage {unknown}
 x - a potion of invisibility {unknown}


   Skills:
 + Level 6.1 Fighting
 * Level 7.9 Maces & Flails
 - Level 6.0 Ranged Weapons
 + Level 4.0 Armour
 * Level 6.6 Shields


You had 7 spell levels left.
You didn't know any spells.
Your spell library contained the following spells:

 Spells                   Type           Power      Damage    Failure   Level
 Shock                    Conj/Air       0%         1d3       97%         1
 Ensorcelled Hibernation  Hex/Ice        0%         N/A       99%         2
 Lesser Beckoning         Tloc           0%         N/A       99%         2
 Passwall                 Tmut/Erth      0%         N/A       99%         2
 Sublimation of Blood     Necr           0%         N/A       99%         2
 Gell's Gravitas          Tloc           0%         N/A       100%        3
 Summon Guardian Golem    Hex/Summ       0%         N/A       100%        3
 Swiftness                Air            0%         N/A       100%        3
 Teleport Other           Tloc           0%         N/A       100%        3
 Airstrike                Air            0%         2d(0-16)  100%        4
 Petrify                  Tmut/Erth      0%         N/A       100%        4
 Irradiate                Conj/Tmut      0%         3d11      100%        5
 Orb of Destruction       Conj           0%         9d5       100%        7
 Spellforged Servitor     Conj/Summ      0%         N/A       100%        7


Dungeon Overview and Level Annotations

Branches:
Dungeon (6/15)             Temple (1/1) D:5

Altars:
Cheibriados
Dithmenos
Fedhas
Hepliaklqana
Kikubaaqudgha
Makhleb
Ru
Sif Muna
Trog
Uskayaw
Vehumet
Wu Jian
Xom
Yredelemnul

Shops:
D:3 [   D:4 (   D:5 *


Innate Abilities, Weirdness & Mutations

You have a pair of horns on your head.
You reflexively headbutt those who attack you in melee.


Message History

You shoot a sling bullet.
The sling bullet barely misses the two-headed ogre.
You block the two-headed ogre's attack.
The two-headed ogre hits you with a +0 giant club.
a - a +0 flail (weapon)
The two-headed ogre hits you with a +0 giant spiked club.
You block the two-headed ogre's attack.
You sock the two-headed ogre! You headbutt the two-headed ogre.
The two-headed ogre is moderately wounded.
You hit the two-headed ogre but do no damage.
The two-headed ogre is moderately wounded.
The two-headed ogre hits you with a +0 giant spiked club!!
You block the two-headed ogre's attack.
The two-headed ogre attacks as you move away!
You block the two-headed ogre's attack. x2
The two-headed ogre attacks as you move away!
The two-headed ogre closely misses you. x2
The two-headed ogre attacks as you move away!
You block the two-headed ogre's attack. The two-headed ogre closely misses you.
The two-headed ogre attacks as you move away!
The two-headed ogre hits you with a +0 giant spiked club.
The two-headed ogre hits you with a +0 giant club.
The two-headed ogre attacks as you move away!
The two-headed ogre hits you with a +0 giant spiked club!
The two-headed ogre hits you with a +0 giant club.
The two-headed ogre barely misses you. You furiously retaliate!
You headbutt the two-headed ogre. You block the two-headed ogre's attack.
Things that are here:
a +0 dagger; a +0 robe; a kobold corpse The two-headed ogre attacks as you move away!
You block the two-headed ogre's attack. x2
The two-headed ogre attacks as you move away!
The two-headed ogre hits you with a +0 giant spiked club!!
* * * LOW HITPOINT WARNING * * *
The two-headed ogre closely misses you.
The two-headed ogre attacks as you move away!
The two-headed ogre hits you with a +0 giant spiked club!
* * * LOW HITPOINT WARNING * * *
The two-headed ogre hits you with a +0 giant club.
You die...

.####.#.#### #.....# .#
#.#.# ##..#.# .####.#.#
##.#.# ......#.## #.#.#
.....♣. ..)<.....# ##.#.#
...?....
##)####..######....#
........ #.# #............#
........ #)# #########...##
#....... #.#
##@##########...... #.#
#O#........##..... #.#
#.#.######## #.... #.#
#....####### ####' #.#
#.....)....# #..
##.#############....#####.#
#.# .................#.##
#.#####.#
##.........#######.#
#........
#########.#######.#
########.


You could see a two-headed ogre.

Vanquished Creatures
  A kobold demonologist (D:6)
  A steam dragon (D:4)
  A water moccasin (D:5)
  An ice beast (D:6)
  A black bear (D:4)
  A phantom (D:5)
  A gnoll sergeant (D:5)
  2 scorpions (D:4)
  A howler monkey (D:5)
  3 jellies
  3 iguanas
  A sleepcap (D:5)
  4 orc wizards
  5 adders
  7 gnolls
  2 worms
  2 dart slugs (D:2)
  14 orcs
  4 endoplasms
  3 giant cockroaches
  6 goblins
  2 hobgoblins (D:1)
  4 jackals
  4 kobolds
  7 quokkas
  3 ball pythons
  5 bats
  A frilled lizard (D:1)
  4 rats
94 creatures vanquished.

Notes
Turn   | Place    | Note
-------+----------+-------------------------------------------
     0 | D:1      | eliilek the Minotaur Fighter began the quest for the Orb.
     0 | D:1      | Reached XP level 1. HP: 19/19 MP: 0/0
   373 | D:1      | Reached XP level 2. HP: 27/27 MP: 1/1
   385 | D:1      | Reached skill level 3 in Maces & Flails
   684 | D:2      | Reached XP level 3. HP: 16/33 MP: 2/2
   975 | D:2      | Reached XP level 4. HP: 38/40 MP: 3/3
  1030 | D:2      | Found an ancient bone altar of Kikubaaqudgha.
  1124 | D:2      | Reached skill level 1 in Ranged Weapons
  1596 | D:3      | Found Aseaturgh's Antique Armour Emporium.
  1684 | D:3      | Reached skill level 4 in Maces & Flails
  2220 | D:4      | Found Tiwomnot's Weapon Emporium.
  2224 | D:4      | Identified the +3 sling of the Penguin {speed, rElec Int+7}
  2246 | D:4      | Noticed a scorpion
  2251 | D:4      | Killed a scorpion
  2252 | D:4      | Reached XP level 5. HP: 46/46 MP: 4/4
  2304 | D:4      | Noticed a black bear
  2311 | D:4      | Killed a black bear
  2312 | D:4      | Reached skill level 5 in Shields
  2325 | D:4      | Identified the +1 pair of boots of the Blessed Realm
                  | {Dex+4}
  2533 | D:4      | Reached XP level 6. HP: 53/53 MP: 5/5
  2597 | D:4      | Reached skill level 5 in Maces & Flails
  2700 | D:4      | Found the +11 plutonium sword {Contam Stlth-}
  2759 | D:4      | Noticed a steam dragon
  2780 | D:4      | Killed a steam dragon
  2781 | D:4      | Reached skill level 5 in Fighting
  2781 | D:4      | Reached XP level 7. HP: 12/61 MP: 2/6
  3435 | D:4      | Bought 6 atropa-tipped darts for 75 gold pieces
  3452 | D:5      | Entered Level 5 of the Dungeon
  3458 | D:4      | Reached skill level 6 in Maces & Flails
  3703 | D:5      | Reached skill level 5 in Ranged Weapons
  3816 | D:5      | Found a staircase to the Ecumenical Temple.
  3867 | D:5      | Reached XP level 8. HP: 66/69 MP: 7/7
  3926 | D:5      | Found Geqinlob's Assorted Antiques.
  3930 | D:5      | Bought a scroll of identify for 56 gold pieces
  3989 | D:5      | Reached skill level 7 in Maces & Flails
  4238 | Temple   | Entered the Ecumenical Temple
  4266 | Temple   | Became a worshipper of Cheibriados the Contemplative
  4566 | D:6      | Noticed a kobold demonologist
  4567 | D:6      | Noticed a two-headed ogre
  4569 | D:6      | Noticed a hellwing
  4597 | D:6      | Noticed a soul eater
  4598 | D:6      | Killed a kobold demonologist
  4767 | D:6      | HP: 3/70 [two-headed ogre/+0 giant spiked club (7)]
  4767 | D:6      | Slain by a two-headed ogre

Illustrated notes

Levels and vault maps discovered:
D:1:      amcnicky_arrival_flooded_fountain, layout_rooms
D:2:      layout_loops_ring, basic_altar, minmay_indecisive_spiral
D:3:      layout_basic, serial_shops, shop, interstate_on_off
D:4:      layout_basic, serial_shops, shop
D:5:      layout_basic, minmay_temple_entry_statues_fountains, serial_shops,
          shop, grunt_ministairs_12
D:6:      kennysheep_big_flooded_room, layout_loops_ring,
          kennysheep_small_circle
Temple:   nicolae_temple_bog_church

Skill      XL: |  1  2  3  4  5  6  7  8 |
---------------+-------------------------+-----
Maces & Flails | 3 4 5 6 7 |  7.9
Shields        | 4 5 6 |  6.6
Fighting       | 4 5 6 |  6.1
Armour         | 4 |  4.0
Ranged Weapons | 2 3 5 6 |  6.0

Action                     |  1- 3 |  4- 6 |  7- 9 || total
---------------------------+-------+-------+-------++-------
  Melee: Flail             |    65 |    94 |    75 ||   234
         Headbutt          |     8 |     9 |    15 ||    32
   Fire: Sling             |     7 |    62 |    37 ||   106
  Throw: Dart              |       |     1 |     4 ||     5
    Use: Scroll            |       |       |     6 ||     6
         Potion            |       |       |     1 ||     1
 Armour: Scale mail        |    26 |     4 |       ||    30
         Chain mail        |       |    49 |    40 ||    89
  Dodge: Dodged            |    30 |    46 |    32 ||   108
  Block: Buckler           |    19 |    21 |    12 ||    52
         Kite shield       |       |       |    22 ||    22
